 Dungeon Crawl Stone Soup version 0.23.1 (webtiles) character file.

Game seed: 16628957752038865243

3339 Borgoz the Cutter (level 10, -3/78 HPs)
             Began as a Ghoul Enchanter on Mar 13, 2019.
             Was an Initiate of Ashenzari.
             Slain by a two-headed ogre
             ... wielding a +0 dire flail
              (9 damage)
             ... on level 8 of the Dungeon on Mar 14, 2019.
             The game lasted 00:16:56 (8325 turns).

Borgoz the Cutter (Ghoul Enchanter)                 Turns: 8325, Time: 00:16:56

Health: -3/78      AC: 11    Str: 13    XL:     10   Next: 2%
Magic:  3/12       EV: 14    Int: 20    God:    Ashenzari [......]
Gold:   472        SH:  0    Dex: 12    Spells: 7/13 levels left

rFire    + + +     SeeInvis .   a - +10 dagger "Xosmautt" {elec, MR+}
rCold    + . .     Gourm    .   (no shield)
rNeg     + + +     Faith    .   G - +2 leather armour "Earthly Heaven" {rF+++ MP-9 Int+10 Stlth-}
rPois    ∞         Spirit   .   (no helmet)
rElec    .         Reflect  .   y - +2 cloak
rCorr    .         Harm     .   c - +0 pair of gloves (curse)
MR       +....                  w - +0 pair of boots (curse)
Stlth    ++........             (no amulet)
HPRegen  0.00/turn              n - ring of magical power
MPRegen  0.13/turn              (no ring)

@: very slightly contaminated, rotting
A: rotting body, claws 1, carnivore, cold resistance 1, negative energy
resistance 3, inhibited regeneration, torment resistance, unbreathing
a: Curse Item, Renounce Religion


You were on level 8 of the Dungeon.
You worshipped Ashenzari.
Ashenzari was noncommittal.
You were not hungry.

You visited 2 branches of the dungeon, and saw 9 of its levels.

You collected 472 gold pieces.

Inventory:

Hand Weapons
 a - the +10 dagger "Xosmautt" (weapon) {elec, MR+}
   (You found it on level 5 of the Dungeon)

   Occasionally, upon striking a foe, it will discharge some electrical energy
   and cause terrible harm.
   It affects your resistance to hostile enchantments.
 b - a +2 dagger of venom
 e - the +8 trident of Nouthrad {venom, +Inv rPois MR+ Str-5 SInv}
   (You found it on level 8 of the Dungeon)

   It poisons the flesh of those it strikes.
   It affects your strength (-5).
   It protects you from poison.
   It affects your resistance to hostile enchantments.
   It lets you see invisible.
   It lets you turn invisible.
 m - a +2 scimitar of flaming
 z - a +4 quarterstaff of chaos
 A - the +8 mace of Yfeum {crush, +Inv rElec Str+5 Dex-3}
   (You found it on level 5 of the Dungeon)

   It inflicts extra damage upon your enemies.
   It affects your strength (+5).
   It affects your dexterity (-3).
   It insulates you from electricity.
   It lets you turn invisible.
Missiles
 f - 3 throwing nets (quivered)
 h - 27 poisoned needles
 F - 5 tomahawks
Armour
 c - a cursed +0 pair of gloves (worn)
 i - a scarf of cloud immunity
 w - a cursed +0 pair of boots (worn)
 y - a +2 cloak (worn)
 D - a +0 shield of protection
 G - the +2 leather armour "Earthly Heaven" (worn) {rF+++ MP-9 Int+10 Stlth-}
   (You found it on level 6 of the Dungeon)

   It affects your intelligence (+10).
   It renders you almost immune to fire.
   It affects your magic capacity (-9).
   It makes you less stealthy.
Jewellery
 n - a ring of magical power (left hand)
 v - an uncursed ring of fire
Scrolls
 j - 3 scrolls of fog
 k - 8 scrolls of teleportation
 l - a scroll of amnesia {unknown}
 o - 2 scrolls of remove curse
 q - a scroll of immolation {unknown}
 u - a scroll of vulnerability {unknown}
 C - 3 scrolls of brand weapon
Potions
 g - 2 potions of agility
 p - 2 potions of brilliance
 r - 2 potions of might
 s - a potion of degeneration {unknown}
 x - a potion of lignification {unknown}
 B - a potion of ambrosia
 E - a potion of curing
Comestibles
 d - 14 rations
 H - a chunk of flesh


   Skills:
 + Level 4.1 Fighting
 * Level 5.9 Short Blades
 * Level 5.9 Armour
 * Level 5.8 Dodging
 + Level 5.9 Stealth
 - Level 2.0 Spellcasting
 * Level 5.3 Hexes


You had 7 spell levels left.
You knew the following spells:

 Your Spells              Type           Power        Failure   Level  Hunger
a - Corona                Hex            ###....      2%          1    #......
b - Ensorcelled Hibernat  Hex/Ice        ##....       10%         2    ##.....
c - Confuse               Hex            ###.....     6%          3    ###....

Your spell library contained the following spells:

 Spells                   Type           Power        Failure   Level  Hunger
 Tukima's Dance           Hex            ###.....     6%          3    ###....
 Sandblast                Erth           #.....       19%         1    #......
 Shock                    Conj/Air       #...         19%         1    #......
 Dazzling Spray           Conj/Hex       ##....       19%         3    ###....
 Passwall                 Tmut/Erth      #.......     28%         2    ##.....
 Swiftness                Chrm/Air       #.......     28%         2    ##.....
 Static Discharge         Conj/Air       #.......     50%         3    ###....
 Stone Arrow              Conj/Erth      #.....       50%         3    ###....
 Airstrike                Air            #.........   88%         4    #####..
 Petrify                  Tmut/Erth      #.......     88%         4    #####..
 Lee's Rapid Deconstruct  Erth           #.........   99%         5    ######.
 Lightning Bolt           Conj/Air       #.........   99%         5    ######.


Dungeon Overview and Level Annotations

Branches:
Dungeon (8/15)             Temple (1/1) D:6
   Lair: D:8-11

Altars:
Ashenzari
Cheibriados
Dithmenos
Elyvilon
Fedhas
Gozag
Hepliaklqana
Kikubaaqudgha
Makhleb
Nemelex Xobeh
Okawaru
Qazlal
Ru
Sif Muna
Trog
Uskayaw
Vehumet
Wu Jian
Xom
Yredelemnul
Zin
The Shining One

Shops:
D:7 (


Innate Abilities, Weirdness & Mutations

Your body is rotting away.
You thrive on raw meat.
You are immune to poison.
You have sharp fingernails.
You are carnivorous and can eat meat at any time.
Your flesh is cold resistant. (rC+)
You are immune to negative energy. (rN+++)
You do not regenerate when monsters are visible.
You are immune to unholy pain and torment.
You can survive without breathing.


Message History

You hit the two-headed ogre.
Lightning courses through the two-headed ogre!
The two-headed ogre is severely wounded.
You hit the two-headed ogre but do no damage.
The two-headed ogre is severely wounded.
The two-headed ogre hits you with a +0 dire flail!
The two-headed ogre hits you with a +0 giant spiked club!
Okay, then.
You completely miss the two-headed ogre.
The two-headed ogre is severely wounded.
The two-headed ogre barely misses you.
The two-headed ogre hits you with a +0 giant spiked club!!
* * * LOW HITPOINT WARNING * * *
Okay, then.
Okay, then.
You feel better.
The two-headed ogre hits you with a +0 dire flail!
* * * LOW HITPOINT WARNING * * *
The two-headed ogre hits you with a +0 giant spiked club!
You die...

###.#######
?.......O.#
.##.#####@# #.#
####.### #......#
#.##.#.# #.##?#.#
#.##.#.######
..###.............
.......#..........


You could see a two-headed ogre.

Vanquished Creatures
  Erica (D:8)
  A hippogriff (D:6)
  A spriggan (D:7)
  4 yaks (D:6)
  Edmund (D:5)
  An orc warrior (D:7)
  An ice beast (D:5)
  An ogre (D:5)
  6 bullfrogs
  A scorpion (D:4)
  A jelly (D:5)
  3 crimson imps
  A bullfrog zombie (D:5)
  2 centaur zombies
  5 orc priests
  A quasit (D:7)
  A hound (D:7)
  A centaur skeleton (D:4)
  Crazy Yiuf (D:5)
  An orc wizard (D:7)
  2 bullfrog skeletons
  An iguana (D:5)
  4 worker ants
  A hound zombie (D:8)
  2 howler monkey zombies (D:5)
  3 adders
  2 oozes
  An adder skeleton (D:7)
  An adder zombie (D:5)
  5 worms
  2 dart slugs
  9 leopard geckos
  18 orcs
  6 giant cockroaches
  4 hobgoblins
  13 jackals
  8 kobolds
  4 quokkas
  2 ball pythons
  A ball python skeleton (D:5)
  7 bats
  4 frilled lizards
  11 goblins
  A quokka zombie (D:4)
  6 rats
153 creatures vanquished.

Notes
Turn   | Place    | Note
-------+----------+-------------------------------------------
     0 | D:1      | Borgoz the Ghoul Enchanter began the quest for the Orb.
     0 | D:1      | Reached XP level 1. HP: 14/14 MP: 2/2
    19 | D:1      | Reached skill level 1 in Short Blades
    60 | D:1      | Reached XP level 2. HP: 11/20 MP: 3/3
   447 | D:1      | Reached skill level 1 in Armour
   687 | D:1      | Reached XP level 3. HP: 24/26 MP: 4/4
  1056 | D:2      | Noticed a bullfrog
  1063 | D:2      | Killed a bullfrog
  1063 | D:2      | Reached XP level 4. HP: 30/33 MP: 5/5
  1264 | D:2      | Reached XP level 5. HP: 29/38 MP: 6/6
  1336 | D:2      | Learned a level 2 spell: Ensorcelled Hibernation
  1340 | D:2      | Learned a level 3 spell: Confuse
  1374 | D:2      | Found a bloodstained altar of Trog.
  1374 | D:2      | Found an opulent altar of Gozag.
  1519 | D:2      | Found a burning altar of Makhleb.
  1520 | D:2      | Found a sparkling altar of Nemelex Xobeh.
  1520 | D:2      | Found a blossoming altar of Fedhas.
  1564 | D:2      | Found an ornate altar of the Wu Jian Council.
  2526 | D:3      | Reached XP level 6. HP: 42/46 MP: 7/7
  3296 | D:4      | Reached skill level 1 in Fighting
  3899 | D:5      | Entered Level 5 of the Dungeon
  4232 | D:6      | Noticed a yak
  4232 | D:6      | Noticed a yak
  4249 | D:5      | Noticed an ice beast
  4274 | D:5      | Killed an ice beast
  4274 | D:5      | Reached XP level 7. HP: 27/51 MP: 9/9
  4921 | D:6      | Noticed a hippogriff
  5184 | D:6      | Killed a hippogriff
  5184 | D:6      | Reached XP level 8. HP: 30/60 MP: 10/10
  5278 | D:6      | Noticed a yak
  5678 | D:5      | HP: 2/62 [ogre/+0 giant spiked club (21)]
  6008 | D:5      | Got a translucent dagger
  6009 | D:5      | Identified the +10 dagger "Xosmautt" {elec, MR+} (You found
                  | it on level 5 of the Dungeon)
  6284 | D:5      | Noticed Edmund
  6304 | D:5      | Killed Edmund
  6457 | D:5      | Found a runed translucent door.
  6458 | D:5      | Noticed Crazy Yiuf
  6465 | D:5      | Killed Crazy Yiuf
  6471 | D:5      | Got a brightly glowing mace
  6572 | D:6      | Found a staircase to the Ecumenical Temple.
  6586 | Temple   | Entered the Ecumenical Temple
  6772 | Temple   | Became a worshipper of Ashenzari the Shackled
  6911 | D:6      | Noticed a yak
  6922 | D:6      | Killed a yak
  6927 | D:6      | Killed a yak
  6927 | D:6      | Reached skill level 5 in Stealth
  6927 | D:6      | Reached XP level 9. HP: 54/69 MP: 11/11
  6932 | D:6      | Reached skill level 5 in Short Blades
  6940 | D:6      | Reached skill level 5 in Armour
  6940 | D:6      | Reached skill level 5 in Dodging
  7321 | D:6      | Got the uncursed leather armour "Earthly Heaven" {rF+++
                  | MP-9 Int+10 Stlth-}
  7520 | D:7      | Found Guor's Antique Weapon Emporium.
  7608 | D:7      | Identified the +8 mace of Yfeum {crush, +Inv rElec Str+5
                  | Dex-3} (You found it on level 5 of the Dungeon)
  7630 | D:7      | Identified the +2 leather armour "Earthly Heaven" {rF+++
                  | MP-9 Int+10 Stlth-} (You found it on level 6 of the
                  | Dungeon)
  8191 | D:8      | Reached skill level 5 in Hexes
  8216 | D:8      | Got the trident of Nouthrad {venom, +Inv rPois MR+ Str-5
                  | SInv}
  8231 | D:8      | Noticed Erica
  8255 | D:8      | Killed Erica
  8255 | D:8      | Reached XP level 10. HP: 53/78 MP: 8/12
  8310 | D:8      | Noticed a two-headed ogre
  8325 | D:8      | Slain by a two-headed ogre

Skill      XL: |  1  2  3  4  5  6  7  8  9 |
---------------+----------------------------+-----
Short Blades   | 1 2 3 4 5 |  5.9
Dodging        | 2 3 4 5 |  5.8
Armour         | 1 2 3 4 5 |  5.9
Spellcasting   | 2 |  2.0
Fighting       | 1 2 3 4 |  4.1
Hexes          | 3 4 5 |  5.3
Stealth        | 4 5 |  5.9

Action                   |  1- 3 |  4- 6 |  7- 9 | 10-12 || total
-------------------------+-------+-------+-------+-------++-------
Melee: Dagger            |    85 |   209 |   245 |     7 ||   546
 Cast: Confuse           |       |     2 |       |     1 ||     3
       Ensorcelled Hiber |       |       |    13 |     2 ||    15
Invok: Curse Item        |       |       |     1 |       ||     1
  Use: Scroll            |     2 |     7 |     6 |       ||    15
       Potion            |       |       |       |     1 ||     1
 Stab: Sleeping          |     2 |    14 |     9 |       ||    25
       Distracted        |       |       |     1 |       ||     1
  Eat: Chunk             |     9 |    20 |    17 |       ||    46
Armor: Robe              |    18 |    20 |       |       ||    38
       Leather armour    |       |    16 |    44 |       ||    60
       Ring mail         |       |       |    17 |       ||    17
Dodge: Dodged            |    52 |   110 |   130 |     5 ||   297
